 Dungeon Crawl Stone Soup version 0.26.1-11-gd32895ea62 (webtiles) character file.

Game seed: 10472596923747654350

3474 Zeld the Basher (level 10, -2/63 HPs)
             Began as an Octopode Monk on May 16, 2021.
             Was a Priest of Makhleb.
             Slain by a purple ugly thing (10 damage)
             ... on level 8 of the Dungeon.
             The game lasted 00:13:36 (16002 turns).

Zeld the Basher (Octopode Monk)                    Turns: 16002, Time: 00:13:36

Health: -2/63      AC:  1    Str: 14    XL:     10   Next: 6%
Magic:  21/21      EV: 14    Int: 13    God:    Makhleb [***...]
Gold:   507        SH:  0    Dex: 14    Spells: 23/23 levels left

rFire    . . .     SeeInvis .   a - +2 mace
rCold    . . .     Faith    .   (no shield)
rNeg     . . .     Spirit   .   (helmet restricted)
rPois    +         Reflect  .   (no amulet)
rElec    .         Harm     .   r - ring of poison resistance
rCorr    .         Rampage  .   (no ring)
Will     .....                  (no ring)
Stlth    +++.......             (no ring)
HPRegen  0.20/turn              (no ring)
MPRegen  0.17/turn              (no ring)
                                (no ring)
                                (no ring)

@: no status effects
A: almost no armour, stealthy swim, amphibious, 8 rings, constrict 8, camouflage
1, gelatinous body 1
a: Renounce Religion, Minor Destruction, Lesser Servant of Makhleb


You were on level 8 of the Dungeon.
You worshipped Makhleb.
Makhleb was most pleased with you.
You visited 2 branches of the dungeon, and saw 10 of its levels.

You collected 507 gold pieces.

Inventory:

Hand Weapons
 a - a +2 mace (weapon)
Missiles
 o - 7 boomerangs (quivered)
Jewellery
 r - a ring of poison resistance (left tentacle)
Wands
 q - a wand of polymorph (6)
Scrolls
 b - 2 scrolls of magic mapping
 f - 2 scrolls of teleportation
 i - 7 scrolls of remove curse
 j - a scroll of amnesia
 n - 3 scrolls of enchant armour
Potions
 c - a potion of brilliance
 e - a potion of cancellation
 k - 2 potions of flight
 s - 2 potions of magic
 u - a potion of attraction {unknown}
 v - 2 potions of resistance {unknown}
 w - a potion of heal wounds {unknown}
 z - a potion of berserk rage {unknown}


   Skills:
 - Level 3.0 Fighting
 * Level 11.6 Maces & Flails
 - Level 3.0 Dodging
 - Level 2.6 Stealth
 + Level 7.3 Spellcasting


You had 23 spell levels left.
You didn't know any spells.
Your spell library contained the following spells:

 Spells                   Type           Power        Failure   Level
 Corona                   Hex            4%           14%         1
 Sandblast                Erth           8%           14%         1
 Shock                    Conj/Air       16%          14%         1
 Ensorcelled Hibernation  Hex/Ice        8%           22%         2
 Passwall                 Tmut/Erth      3%           22%         2
 Swiftness                Air            4%           22%         2
 Confusing Touch          Hex            4%           41%         3
 Dazzling Flash           Conj/Hex       8%           41%         3
 Static Discharge         Conj/Air       4%           41%         3
 Stone Arrow              Conj/Erth      8%           41%         3
 Tukima's Dance           Hex            4%           41%         3
 Airstrike                Air            2%           82%         4
 Leda's Liquefaction      Hex/Erth       2%           82%         4
 Petrify                  Tmut/Erth      4%           82%         4
 Fireball                 Conj/Fire      2%           99%         5
 Lee's Rapid Deconstruct  Erth           2%           99%         5
 Lightning Bolt           Conj/Air       2%           99%         5


Dungeon Overview and Level Annotations

Branches:
Dungeon (9/15)             Temple (1/1) D:7
   Lair: D:8-11         Orc: D:9-12

Altars:
Ashenzari
Cheibriados
Dithmenos
Elyvilon
Fedhas
Gozag
Hepliaklqana
Kikubaaqudgha
Makhleb
Nemelex Xobeh
Okawaru
Qazlal
Ru
Sif Muna
Trog
Uskayaw
Vehumet
Wu Jian
Xom
Yredelemnul
The Shining One
Beogh

Shops:
D:7 :

Annotations:
D:6 exclusions: ogre and troll
D:9 1 runed translucent door, Erica


Innate Abilities, Weirdness & Mutations

You cannot wear most types of armour.
You are very stealthy in the water. (Stealth+)
You are amphibious.
You can wear up to eight rings at the same time.
You can use your tentacles to constrict eight enemies at once.
Your skin changes colour to match your surroundings (Stealth+).
Your rubbery body absorbs attacks. (AC +1, EV +1)


Message History

Throw: 7 boomerangs
Press: ? - help, Q - select action, (/) - cycle Shift-Dir - straight line, f/p - purple ugly thing
Aim: a purple ugly thing (severely wounded, 59% to hit)
You throw a boomerang.
The boomerang hits the purple ugly thing but does no damage.
The purple ugly thing is severely wounded.
Throw: 7 boomerangs
Press: ? - help, Q - select action, (/) - cycle Shift-Dir - straight line, f/p - purple ugly thing
Aim: a purple ugly thing (severely wounded, 59% to hit)
You throw a boomerang.
The boomerang hits the purple ugly thing but does no damage.
The purple ugly thing is severely wounded.
Throw: 7 boomerangs
Press: ? - help, Q - select action, (/) - cycle Shift-Dir - straight line, f/p - purple ugly thing
Aim: a purple ugly thing (severely wounded, 59% to hit)
You throw a boomerang.
The boomerang closely misses the purple ugly thing.
Unknown command.
The purple ugly thing gores you!
You die...

####.################.#
#.......# #.....# #.#
#.##.##.# #.....# #.#
#.##.##.# #.....# #.#
#.##....# #.....# #.#
#.#####.# #..!..# #.#
#.#####.######.### #.#
#......#.......######.#
#####.###...##..@u..#.#
##.#.......####.#.#
#######..##....####.#.#
.....###.##....##.....#
######### ####.#
#.##.......#.###
#........ ..##.#
#.....[[.....#
#.#####.. #.##.#
#.......######
#.##.....
..##c#########.##
#.##.##.. .........#
#(..# #.##.##..


You could see a purple ugly thing.

Vanquished Creatures
  Prince Ribbit (D:8)
  Sigmund (D:2)
  2 water moccasins
  3 orc warriors (D:8)
  2 phantoms
  3 black bears
  A necrophage (D:7)
  2 ogres
  2 centaurs
  5 big kobolds
  4 bullfrogs
  A scorpion (D:7)
  A water moccasin skeleton (D:7)
  A howler monkey (D:6)
  A quasit (D:6)
  2 centaur zombies (D:7)
  2 hounds
  2 jellies
  2 orc priests (D:8)
  2 bullfrog skeletons
  Jessica (D:2)
  3 iguanas
  2 orc wizards
  8 worker ants
  A hound skeleton (D:8)
  4 gnolls
  12 adders
  A shadow imp (D:8)
  An ufetubus (D:5)
  4 oozes
  An adder skeleton (D:5)
  2 worms (D:2)
  A dart slug (D:3)
  5 leopard geckos
  35 orcs
  2 ball pythons
  3 bats
  5 giant cockroaches
  5 hobgoblins
  10 jackals
  30 kobolds
  6 quokkas
  6 frilled lizards
  8 goblins
  2 leopard gecko skeletons
  A leopard gecko zombie (D:5)
  A quokka skeleton (D:6)
  7 rats
207 creatures vanquished.

Vanquished Creatures (others)
  A kobold (D:9)
  4 plants (D:6)
5 creatures vanquished.

Grand Total: 212 creatures vanquished

Notes
Turn   | Place    | Note
-------+----------+-------------------------------------------
     0 | D:1      | Zeld the Octopode Monk began the quest for the Orb.
     0 | D:1      | Reached XP level 1. HP: 16/16 MP: 1/1
   326 | D:1      | Reached XP level 2. HP: 21/21 MP: 2/2
   620 | D:1      | Reached skill level 1 in Spellcasting
   866 | D:1      | Reached XP level 3. HP: 26/26 MP: 4/4
   994 | D:2      | Noticed Jessica
  1001 | D:2      | Killed Jessica
  1002 | D:2      | Reached skill level 4 in Maces & Flails
  1002 | D:2      | Reached XP level 4. HP: 24/31 MP: 4/6
  1505 | D:2      | You fall into a shaft and drop 1 floor!
  1743 | D:2      | Noticed Sigmund
  1750 | D:2      | Killed Sigmund
  1751 | D:2      | Reached skill level 5 in Maces & Flails
  1751 | D:2      | Reached XP level 5. HP: 27/36 MP: 6/9
  1751 | D:2      | Reached XP level 6. HP: 31/42 MP: 6/10
  1955 | D:2      | Found an opulent altar of Gozag.
  2508 | D:3      | Reached skill level 6 in Maces & Flails
  2654 | D:3      | Found an ornate altar of the Wu Jian Council.
  2654 | D:3      | Found a sparkling altar of Nemelex Xobeh.
  4933 | D:4      | Reached XP level 7. HP: 27/46 MP: 12/12
  5287 | D:5      | Entered Level 5 of the Dungeon
  5819 | D:5      | Reached skill level 7 in Maces & Flails
  6491 | D:5      | Identified the Almanac of the Mountains and the Arsonist
  6950 | D:6      | Reached XP level 8. HP: 51/52 MP: 14/14
  7268 | D:6      | Found a shimmering altar of Xom.
  7291 | D:6      | Found a blossoming altar of Fedhas.
  7315 | D:6      | Reached skill level 8 in Maces & Flails
  7952 | D:6      | Noticed a troll
  7980 | D:6      | Reached skill level 5 in Spellcasting
  8906 | D:7      | Reached skill level 9 in Maces & Flails
  9370 | D:7      | Reached XP level 9. HP: 52/56 MP: 17/17
  9410 | D:7      | Noticed a +0 hand axe
  9410 | D:7      | Noticed a +0 dagger
  9418 | D:7      | Found a hide-covered altar of Uskayaw.
  9492 | D:7      | Found Tufoe's Book Shoppe.
  9511 | D:7      | Reached skill level 10 in Maces & Flails
  9664 | D:7      | Found a staircase to the Ecumenical Temple.
  9737 | Temple   | Entered the Ecumenical Temple
  9745 | Temple   | Became a worshipper of Makhleb the Destroyer
  9745 | Temple   | Reached * piety under Makhleb
  9745 | Temple   | Reached ** piety under Makhleb
 10287 | D:8      | Noticed Prince Ribbit
 10297 | D:8      | Killed Prince Ribbit
 11741 | D:8      | Found a roughly hewn altar of Beogh.
 13639 | D:8      | Reached skill level 11 in Maces & Flails
 14543 | D:8      | Reached *** piety under Makhleb
 15531 | D:9      | Found a broken altar of Ashenzari.
 15597 | D:9      | Reached XP level 10. HP: 63/63 MP: 20/20
 15605 | D:9      | Found a runed translucent door.
 15762 | D:9      | Identified the +6 hand axe of Jecsoi {protect, rPois Int-3
                  | Dex+5}
 15774 | D:9      | Noticed Erica
 15962 | D:9      | Noticed a purple ugly thing
 16002 | D:8      | Slain by a purple ugly thing

Illustrated notes

Levels and vault maps discovered:
D:1:      dpeg_arrival_stonehenge_8_columns, layout_loops_corners
D:2:      layout_loops_corners, lemuel_round_altar,
          chequers_serial_rivers_small_a, guppyfry_early_lair_pool,
          uniq_jessica, uniq_sigmund
D:3:      layout_loops_corners, chequers_temple_overflow_statue_of_worship,
          minmay_misc_feat_pillars, feat_on_display
D:4:      layout_loops_cross, nrook_loot_triangle, grunt_ministairs_15,
          kennysheep_generic_room_7
D:5:      layout_basic, grunt_ministairs_4, kennysheep_generic_room_5
D:6:      layout_cave_pods, marbit_many_paths, fedhas_ov_isle_minmay
D:7:      layout_loops_ring, dancing_weapons_uskayaw,
          minmay_temple_entry_antechambers, serial_shops, nicolae_shop_trees
D:8:      layout_loops_cross, special_room [special_room_orc],
          uniq_prince_ribbit1
D:9:      layout_small_grid, zin_purify, ashenzari_conservatory_becter,
          orc_0_dummy, serial_bayou_pond_e, minmay_st_funbox, uniq_erica
Temple:   nicolae_temple_no_exploring_needed

Skill      XL: |  1  2  3  4  5  6  7  8  9 |
---------------+----------------------------+-----
Spellcasting   | 1 2 3 4 5 7 |  7.3
Maces & Flails | 4 5 6 7 9 11 | 11.6
Fighting       | |  3.0
Dodging        | |  3.0
Stealth        | |  2.6

Action                   |  1- 3 |  4- 6 |  7- 9 | 10-12 || total
-------------------------+-------+-------+-------+-------++-------
Melee: Mace              |    45 |   148 |   402 |    20 ||   615
       Constrict         |     9 |    27 |    84 |     4 ||   124
       Tentacles         |     2 |    23 |    86 |     3 ||   114
Throw: Boomerang         |       |       |     5 |     4 ||     9
  Use: Scroll            |       |       |    26 |     1 ||    27
       Potion            |       |       |     5 |       ||     5
 Stab: Sleeping          |     9 |    13 |    16 |       ||    38
       Distracted        |       |     1 |     2 |       ||     3
Armor: Skin              |     1 |     6 |    19 |     1 ||    27
Dodge: Dodged            |    21 |    81 |   291 |    19 ||   412
